 Dungeon Crawl Stone Soup version 0.22-a0-448-g1fb7470 (webtiles) character file.

46 iamserjio the Chopper (level 3, -3/22 HPs)
             Began as a Vine Stalker Chaos Knight on June 4, 2018.
             Killed by divine providence
             ... invoked by an orc priest
              (11 damage)
             ... on level 2 of the Dungeon.
             The game lasted 00:03:28 (1740 turns).

iamserjio the Chopper (Vine Stalker Chaos Knight)   Turns: 1740, Time: 00:03:28

Health: -3/22      AC:  9    Str: 15    XL:     3   Next: 66%
Magic:  0/4        EV: 15    Int: 12    God:    Xom [....*.]
Gold:   149        SH:  0    Dex: 18    Spells: 2/2 levels left

rFire    . . .     SeeInvis .   a - +0 hand axe (chaos)
rCold    . . .     Gourm    .   (no shield)
rNeg     . . .     Faith    .   g - +0 swamp dragon scales
rPois    +         Spirit   +   (no helmet)
rElec    .         Reflect  .   (no cloak)
rCorr    .         Harm     .   (no gloves)
MR       .....                  (no boots)
Stlth    ++........             (no amulet)
HPRegen  0.07/turn              (no ring)
MPRegen  0.09/turn              (no ring)

@: agile
A: claws 1, fangs 2, slimy green scales 1, robust 1, magic shield, antimagic
bite, no potion heal 3, rot immunity
a: Renounce Religion


You were on level 2 of the Dungeon.
You worshipped Xom.
You were a beloved toy of Xom.
You were hungry.

You visited 1 branch of the dungeon, and saw 3 of its levels.

You collected 149 gold pieces.

Inventory:

Hand Weapons
 a - a +0 hand axe of chaos (weapon)
Armour
 b - a +2 leather armour
 g - +0 swamp dragon scales (worn)
 i - a cursed +0 ring mail
 j - +0 fire dragon scales
Jewellery
 e - a +2 ring of protection {unknown}
Scrolls
 d - 2 scrolls of magic mapping {unknown}
 f - a scroll of teleportation {unknown}
 h - a scroll of identify {unknown}
 m - a scroll of remove curse {unknown}
 n - a scroll of fog {unknown}
 p - a scroll of enchant weapon {unknown}
Potions
 k - a potion of curing
 o - a potion of agility {unknown}
 q - a potion of invisibility {unknown}
 r - a potion of cancellation {unknown}
Comestibles
 c - 3 rations
 l - a chunk of flesh


   Skills:
 + Level 3.1 Fighting
 * Level 3.5 Axes
 + Level 1.9 Armour
 - Level 0.7 Dodging


You had 2 spell levels left.
You didn't know any spells.
Your spell library contained the following spells:

 Spells                   Type           Power        Failure   Level  Hunger
 Spider Form              Tmut/Pois      #.........   88%         3    ####...
 Blade Hands              Tmut           #.........   100%        5    ######.
 Ice Form                 Ice/Tmut       #.......     99%         4    #####..
 Sticks to Snakes         Tmut           #.......     67%         2    ###....
 Beastly Appendage        Tmut           #.....       54%         1    ##.....


Dungeon Overview and Level Annotations

Branches:
Dungeon (3/15)

Altars:
Vehumet


Innate Abilities, Weirdness & Mutations

You have extremely sharp teeth.
When hurt, damage is shared between your health and your magic reserves.
Your bite disrupts and absorbs the magic of your enemies.
Potions cannot restore your health.
You are immune to rotting.
You have sharp fingernails.
You are partially covered in slimy green scales. (AC +2)
You are robust. (+10% HP)


Message History

The orc priest is moderately wounded.
You hit the orc priest. You freeze the orc priest. You hit the orc.
The orc priest hits you with a flail.
The orc priest hits you but does no damage.
The orc barely misses you.
You hit the orc priest but do no damage.
The orc priest is moderately wounded.
You closely miss the orc priest. You hit the orc.
The orc is poisoned.
The orc priest closely misses you. The orc priest barely misses you.
The orc barely misses you.
You hit the orc priest.
You bite the orc priest, but do no damage.
The orc priest is heavily wounded.
You barely miss the orc priest. You hit the orc.
The orc goes berserk!
The orc closely misses you.
The orc priest mumbles some strange prayers to Beogh against you.
Beogh smites you!
Ouch! That really hurt!
You die...
Xom roars with laughter!

...................#.........##..
...........#######.......).......
............#.........###....###.
......w.##.....###..........## #.
...#######...#.##...........# #.
...######....#.....#........#####
##..........................#....
...........##..ooo...............
...........#...#@........#...#...
...............#....##..###†###..
#...................##...#...#...
#..................(.#....._.....
#..........#.............#...#...
#........[..............###.###..
#..........#..........#..#...#...
#..........#..........#.........#
#..........#.............##..####


You could see 2 orc priests and an orc (berserk).

Vanquished Creatures
  An adder (D:2)
  2 worms (D:2)
  A dart slug (D:1)
  2 leopard geckos
  2 giant cockroaches
  A goblin (D:1)
  3 hobgoblins
  2 quokkas
  2 ball pythons (D:2)
  4 bats
  A frilled lizard (D:2)
  5 kobolds
  2 rats
28 creatures vanquished.

Notes
Turn   | Place    | Note
-------+----------+-------------------------------------------
     0 | D:1      | iamserjio the Vine Stalker Chaos Knight began the quest for the Orb.
     0 | D:1      | Reached XP level 1. HP: 11/11 MP: 2/2
    91 | D:1      | XOM: divination: magic mapping
   122 | D:1      | XOM: harmless Pois miscast
   192 | D:1      | XOM: harmless Fire miscast
   213 | D:1      | Reached XP level 2. HP: 13/16 MP: 3/3
   731 | D:1      | XOM is BORED!
   731 | D:1      | XOM: give mutation
   731 | D:1      | Gained mutation: You are robust. (+10% HP) [Xom's mischief]
  1087 | D:2      | XOM: divination: magic mapping
  1090 | D:2      | Reached XP level 3. HP: 2/22 MP: 1/4
  1095 | D:2      | XOM: give mutations
  1095 | D:2      | Gained mutation: You are partially covered in slimy green scales. (AC +2) [Xom's grace]
  1095 | D:2      | Gained mutation: You have sharp fingernails. [Xom's grace]
  1209 | D:1      | XOM: god gift: papyrus book {god gift}
  1475 | D:2      | Found a radiant altar of Vehumet.
  1726 | D:3      | XOM: potion effect (agility)
  1730 | D:3      | XOM: fog
  1740 | D:2      | Killed from afar by an orc priest

Vault maps used:
D:1:      sevenhm_arrival_forest_fort_large_4
D:2:      vehumet_crystals
D:3:      elyvilon_altar_5, serial_glass, glass_columns_b, glass_columns_a,
          glass_columns_c, glass_columns_c, first_ration,
          kennysheep_jessica_study

Skill      XL: |  1  2 |
---------------+-------+-----
Axes           | 3 |  3.5
Fighting       | 3 |  3.1
Armour         | |  1.9
Dodging        | |  0.7

Action                   || total
-------------------------++-------
Melee: Hand axe          ||    95
       Bite              ||    19
  Use: Potion            ||     3
  Eat: Chunk             ||     2
Armor: Leather armour    ||     9
       Swamp dragon scal ||    33
Dodge: Dodged            ||    73

Table legend:
 A = Spawn XP
 B = Non-spawn XP
 C = Spawn XP percentage of total XP
 D = Spawn monster count
 E = Non-spawn monster count
 F = Spawn count percentage of total count
 G = Total turns spent on level
                    A         B        C        D         E        F      G
               +---------+---------+-------+---------+---------+-------+---------
         Total |       0 |      66 |   0.0 |       0 |      28 |   0.0 |  1740
               +---------+---------+-------+---------+---------+-------+---------
           D:1 |       0 |      19 |   0.0 |       0 |      10 |   0.0 |  1073
           D:2 |       0 |      45 |   0.0 |       0 |      17 |   0.0 |   653
           D:3 |       0 |       2 |   0.0 |       0 |       1 |   0.0 |    14
               +---------+---------+-------+---------+---------+-------+---------
